 Dungeon Crawl Stone Soup version 0.27.1-33-g824d729ab1 (webtiles) character file.

Game seed: 15925294231237436290

207780 quill18 the Severer (level 18, 117/117 HPs)
             Began as a Gargoyle Berserker on Nov 19, 2021.
             Was the Champion of Trog.
             Quit the game on level 4 of the Snake Pit on Dec 10, 2021.
             The game lasted 03:05:25 (35941 turns).

quill18 the Severer (Gargoyle Berserker)           Turns: 35941, Time: 03:05:25

Health: 117/117    AC: 32    Str: 30    XL:     18   Next: 76%
Magic:  27/27      EV: 12    Int: 15    God:    Trog [******]
Gold:   2559       SH: 20    Dex: 11    Spells: 17/17 levels left

rFire    + . .     SeeInvis .   a - +2 broad axe (vorpal)
rCold    + + .     Faith    .   I - +5 kite shield {rF+}
rNeg     + + .     Spirit   +   h - +0 scale mail of Patterns {rCorr Str+4 Dex+2 Slay+2}
rPois    ∞         Reflect  .   H - +1 helmet "Sizamom" {Contam rElec Will++}
rElec    +         Harm     .   W - +1 cloak {Stlth+}
rCorr    +         Rampage  .   q - +0 pair of gloves
Will     +++..                  n - +0 pair of boots of Recklessness {Regen+ MP+9}
Stlth    +.........             G - amulet of Kyqironn {Spirit rPois rC++ Will- Int+4}
HPRegen  1.29/turn              S - ring of willpower
MPRegen  0.20/turn              R - ring of positive energy

@: flying
A: sickness immunity, AC +13, big wings, negative energy resistance 1,
electricity resistance, torment resistance 1, petrification resistance
}: 1/15 runes: serpentine
a: Renounce Religion, Berserk, Trog's Hand, Brothers in Arms


You were on level 4 of the Snake Pit.
You worshipped Trog.
Trog was exalted by your worship.
You visited 7 branches of the dungeon, and saw 30 of its levels.
You also visited: Gauntlet and Volcano.

You collected 2777 gold pieces.
You spent 218 gold pieces at shops.

Inventory:

Hand Weapons
 a - a +2 vorpal broad axe (weapon)
   (You found it on level 5 of the Lair of Beasts)
 b - a +5 antimagic spear
   (Trog gifted it to you on level 15 of the Dungeon)
 j - a +3 hand axe of flaming
   (Trog gifted it to you on level 3 of the Snake Pit)
 L - a +5 antimagic war axe
   (Trog gifted it to you on level 1 of the Snake Pit)
Missiles
 f - 45 poisoned darts (quivered)
 M - 10 curare-tipped darts {!f}
 N - 2 atropa-tipped darts
Armour
 h - the +0 scale mail of Patterns (worn) {rCorr Str+4 Dex+2 Slay+2}
   (You found it on level 4 of the Dungeon)

   Str:       It affects your strength (+4).
   Dex:       It affects your dexterity (+2).
   Slay:      It affects your accuracy & damage with ranged weapons and melee
   (+2).
   rCorr:     It protects you from acid and corrosion.
 n - the +0 pair of boots of Recklessness (worn) {Regen+ MP+9}
   (You acquired it on level 3 of the Dungeon)

   MP:        It affects your magic capacity (+9).
   Regen:     It increases your rate of health regeneration.
 q - a +0 pair of gloves (worn)
   (You found it on level 1 of the Dungeon)
 H - the +1 helmet "Sizamom" (worn) {Contam rElec Will++}
   (You found it in a Gauntlet)

   rElec:     It insulates you from electricity.
   Contam:    It causes magical contamination when unequipped.
   Will:      It greatly increases your willpower.
 I - a +5 kite shield of fire resistance (worn)
   (You found it in a volcano)
 W - a +1 cloak of stealth (worn)
   (You found it on level 4 of the Lair of Beasts)
Jewellery
 e - an amulet of regeneration {!d}
   (You found it on level 12 of the Dungeon)
 s - a ring of willpower
   (You found it on level 1 of the Snake Pit)
 B - an amulet of guardian spirit
   (You found it on level 7 of the Dungeon)
 G - the amulet of Kyqironn (around neck) {Spirit rPois rC++ Will- Int+4}
   (You found it in a Gauntlet)

   [amulet of guardian spirit]

   It causes incoming damage to be divided between your reserves of health and
   magic.
   Int:       It affects your intelligence (+4).
   rC:        It greatly protects you from cold.
   rPois:     It protects you from poison.
   Will:      It decreases your willpower.
 P - a ring of protection from fire
   (You found it on level 1 of the Lair of Beasts)
 R - a ring of positive energy (right hand)
   (You found it on level 2 of the Lair of Beasts)
 S - a ring of willpower (left hand)
   (You found it on level 3 of the Lair of Beasts)
Wands
 d - a wand of iceblast (33)
   (You found it on level 5 of the Dungeon)
 g - a wand of charming (5)
   (You found it on level 5 of the Lair of Beasts)
 m - a wand of polymorph (11)
   (You found it in a volcano)
 o - a wand of mindburst (18)
   (You took it off a centaur on level 14 of the Dungeon)
 u - a wand of paralysis (15)
   (You found it in a Gauntlet)
 x - a wand of acid (20)
   (You found it on level 10 of the Dungeon)
Scrolls
 l - 2 scrolls of fog
 t - 2 scrolls of summoning
 w - 13 scrolls of identify {@r1}
 y - a scroll of blinking
 A - 3 scrolls of vulnerability {!r}
 C - a scroll of holy word
 E - 5 scrolls of silence
 F - 4 scrolls of immolation {!r}
 J - 2 scrolls of brand weapon
 K - 2 scrolls of enchant armour
 O - a scroll of acquirement
 U - 3 scrolls of magic mapping
 V - a scroll of enchant weapon
 Y - 5 scrolls of teleportation {@r4}
Potions
 c - 3 potions of berserk rage
 i - 3 potions of heal wounds {@q2}
 k - 11 potions of curing {@q1}
 p - a potion of invisibility
 r - 4 potions of attraction {!q}
 v - 3 potions of might
 z - 3 potions of lignification {!q}
 D - a potion of magic
 Q - 2 potions of resistance
 T - 8 potions of ambrosia
 Z - 4 potions of haste {@q3}


   Skills:
 + Level 14.5 Fighting
 * Level 16.6(17.6) Axes
 - Level 10.7(14.8) Polearms
 + Level 14.3 Armour
 - Level 5.0 Dodging
 - Level 15.0 Shields


You had 17 spell levels left.
You didn't know any spells.
Your spell library was empty.

Dungeon Overview and Level Annotations

Branches:
Dungeon (15/15)            Temple (1/1) D:6            Lair (6/6) D:11
 Shoals (1/4) Lair:2        Snake (4/4) Lair:4        Slime (0/5) Lair:5
    Orc (2/2) D:9             Elf (0/3) Orc:2        Vaults (0/5) D:13
 Depths (1/5) D:15        Volcano (visited)         Gauntlet (visited)

Altars:
Ashenzari
Cheibriados
Dithmenos
Elyvilon
Fedhas
Gozag
Hepliaklqana
Kikubaaqudgha
Makhleb
Nemelex Xobeh
Okawaru
Qazlal
Ru
Sif Muna
Trog
Uskayaw
Vehumet
Wu Jian
Xom
Yredelemnul
Zin
The Shining One
Beogh
Jiyva
Lugonu

Shops:
D:3 [   D:9 (   D:10 =!(!   D:12 :   D:14 (   Orc:2 :([(   Snake:1 (

Portals:
Abyss: Lair:4

Annotations:
D:13 exclusion: door
D:15 Roxanne
Lair:3 1 runed translucent door, Deineumn's ghost, journeyman TrMo
Lair:6 exclusions: 2 doors and obsidian statue


Innate Abilities, Weirdness & Mutations

You are immune to sickness and miasma.
Your stone body is resilient. (AC +13)
You are immune to poison.
Your large and strong wings let you fly.
You resist negative energy. (rN+)
You are resistant to electric shocks. (rElec)
You are resistant to unholy torment.
You are immune to petrification.


Message History

The shock serpent hisses angrily.
Things that are here:
an anaconda corpse; a guardian serpent corpse A shock serpent is nearby!
There is an open door, spattered with blood here.
Things that are here:
a shock serpent corpse; a shock serpent corpse You see here an anaconda corpse.
You miss the shock serpent.
The shock serpent shoots out a bolt of lightning at you!
The bolt of electricity misses you.
You slash the shock serpent!
The shock serpent's electric aura discharges, shocking you!
You resist. You block the shock serpent's attack.
You slice the shock serpent!!
The shock serpent's electric aura discharges, shocking you!
You resist. You block the shock serpent's attack.
You hit the shock serpent. You block the shock serpent's attack.
You hit the shock serpent. You block the shock serpent's attack.
The shock serpent shoots out a bolt of lightning at you!
The bolt of electricity hits you. You resist.
You closely miss the shock serpent. You block the shock serpent's attack.
You barely miss the shock serpent. You block the shock serpent's attack.
You closely miss the shock serpent.
The shock serpent shoots out a bolt of lightning at you!
The bolt of electricity hits you. You resist.
You barely miss the shock serpent. The shock serpent barely misses you.
You barely miss the shock serpent. You block the shock serpent's attack.
You slice the shock serpent!!
You kill the shock serpent!
Trog accepts your kill.
The air sparks with electricity, shocking you!
You resist.
No target in view!
You start resting.
There is an open door, spattered with blood here.
Things that are here:
a shock serpent corpse; a shock serpent corpse You see here an anaconda corpse.
Items here: ( )) †.
You see here an anaconda corpse.
There is an open door, spattered with blood here.
Things that are here:
a shock serpent corpse; a shock serpent corpse
Found a serpentine rune of Zot.
There is an open gate here.
You pick up the serpentine rune and feel its power.
Press } to see all the runes you have collected.
Unknown command.
Okay, then.

########
##..≈≈≈##...###....###
#...§§##...##........#
#....§#...##..≈≈≈§§≈..
#.....'...#..≈≈≈≈≈§≈..
###########.≈≈§§≈§≈≈≈§
##...###..≈§§§§≈≈≈≈≈
##.....##.≈§≈≈§§≈≈≈§≈
#.......'.≈≈§§§§≈§≈≈§
#...@...'.§§≈§§§§≈§§≈
#.......'§§§≈§§§§§§≈§
##.....##§§≈≈≈§≈§≈§§≈
##...####.≈≈≈§§§≈§§≈
##### #..≈§§§§≈≈..
##.†§≈§≈§≈..
##........# ###....###
######


There were no monsters in sight!

Vanquished Creatures
  A nagaraja (Snake:1)
  An orc warlord (Orc:1)
  A very ugly thing (D:15)
  The ghost of mrw3rdna the Severer, a journeyman HOFi of Qazlal (Snake:1)
  A minotaur (Gauntlet)
  An ettin (Orc:1)
  Josephine (D:14)
  2 salamander tyrants (Snake:4)
  4 vault guards
  5 hydras
  11 naga warriors
  3 boulder beetles
  5 centaur warriors
  13 anacondas
  3 two-headed ogres
  2 hell hogs
  A catoblepas (Lair:2)
  A tengu warrior (D:15)
  A vampire mage (D:15)
  6 naga sharpshooters
  3 orc high priests (Orc:2)
  10 shock serpents
  Sonja (D:10)
  2 spectral death yaks (Lair:6)
  10 salamander mystics
  3 skeletal warriors (D:15)
  A goliath frog (Snake:3)
  2 sea snakes (Snake:2)
  6 naga ritualists
  A spectral anaconda (Lair:6)
  2 swamp dragons (Snake:3)
  5 necromancers
  A shadow dragon zombie (D:15)
  5 orc knights
  12 mana vipers
  A deep elf pyromancer (D:14)
  3 lindwurms (Snake:4)
  An orc sorcerer (Orc:2)
  16 ugly things
  5 cyclopes
  2 manticores
  13 slime creatures
  19 salamanders
  3 merfolk sirens (Lair:2)
  9 elephants
  13 naga magi
  6 guardian serpents (Snake:4)
  34 black mambas
  11 cane toads
  A dire elephant zombie (Lair:6)
  An apocalypse crab (Gauntlet)
  2 molten gargoyles (Volcano)
  2 gargoyles
  A dire elephant skeleton (Lair:6)
  3 rime drakes
  A spriggan skeleton (D:15)
  10 komodo dragons
  A kobold demonologist (D:13)
  3 tengu conjurers
  2 efreet
  An anaconda simulacrum (Lair:4)
  2 polar bears (Lair:2)
  9 trolls
  A queen bee (Lair:3)
  A spectral guardian serpent (Snake:1)
  2 wolf spider simulacra
  2 spectral elephants (Lair:6)
  A merfolk (Lair:2)
  Grinder (D:4)
  7 blink frogs
  2 spectral black mambas (Lair:4)
  A shadow (D:9)
  Sigmund (D:5)
  2 deep troll zombies (D:15)
  A water elemental (Lair:2)
  8 wraiths
  13 fire bats
  24 yaks
  3 wyverns
  A spectral salamander (Snake:1)
  A basilisk (D:15)
  3 steam dragons
  7 vampire mosquitoes
  2 spectral cane toads (Lair:6)
  3 swamp worms (Snake:3)
  46 nagas
  4 wargs
  8 water moccasins
  5 hell hounds
  2 hydra simulacra (Lair:4)
  2 acid dragons
  37 orc warriors
  An elephant zombie (Lair:6)
  2 swamp drakes (Snake:3)
  3 sky beasts
  2 black mamba simulacra
  3 black bears
  4 necrophages
  7 ogres
  9 centaurs
  A phantom (D:7)
  7 wolves
  An elephant skeleton (Lair:6)
  3 kobold brigands
  10 bullfrogs
  Blork the orc (D:5)
  A gnoll sergeant (D:5)
  A wyvern zombie (D:7)
  A cane toad simulacrum (Lair:6)
  A salamander simulacrum (Snake:1)
  A water moccasin skeleton (D:4)
  26 killer bees (Lair:3)
  An elephant simulacrum (Lair:6)
  5 wights (D:8)
  3 howler monkeys
  3 electric eels
  2 bullfrog zombies
  5 centaur zombies
  7 lava snakes (Volcano)
  A crimson imp (D:6)
  2 hounds (D:6)
  2 jellies (D:6)
  23 orc priests
  A gnoll shaman (D:10)
  A water moccasin simulacrum (Lair:4)
  2 bullfrog skeletons (D:6)
  3 centaur skeletons
  4 iguanas
  21 orc wizards
  5 hell rats (Lair:3)
  A killer bee zombie (D:9)
  A hound skeleton (D:2)
  11 gnolls
  3 howler monkey zombies
  2 naga simulacra (Snake:1)
  7 adders
  2 white imps
  4 ufetubi
  A worm (D:2)
  4 dart slugs
  84 orcs
  6 endoplasms
  A giant cockroach (D:3)
  10 hobgoblins
  3 jackals (D:4)
  4 ball pythons
  3 bats
  2 frilled lizards
  9 goblins
  13 kobolds
  4 rats
  A spectral hobgoblin (D:9)
  2 lurking horrors (Lair:4)
848 creatures vanquished.

Vanquished Creatures (collateral kills)
  A very ugly thing (Lair:4)
  A fire dragon (Volcano)
  A catoblepas (D:12)
  3 naga warriors (Snake:1)
  A naga sharpshooter (Snake:1)
  2 skeletal warriors (D:15)
  5 ugly things (D:15)
  A mana viper (Snake:1)
  2 salamanders (Snake:1)
  A deep elf pyromancer (D:15)
  2 black mambas (Snake:1)
  A naga mage (Snake:1)
  A guardian serpent (Snake:1)
  3 nagas (Snake:1)
25 creatures vanquished.

Vanquished Creatures (others)
  An elephant skeleton (Lair:6)
  4 demonic plants (Gauntlet)
  9 fungi
  18 plants
  A tentacle (Shoals:1)
  2 toadstools (D:10)
  46 withered plants
81 creatures vanquished.

Grand Total: 954 creatures vanquished

Notes
Turn   | Place    | Note
-------+----------+-------------------------------------------
     0 | D:1      | quill18 the Gargoyle Berserker began the quest for the Orb.
     0 | D:1      | Reached XP level 1. HP: 14/14 MP: 1/1
   510 | D:1      | Reached skill level 3 in Axes
   808 | D:1      | Reached XP level 2. HP: 19/19 MP: 2/2
  1530 | D:2      | Noticed an ogre
  1737 | D:2      | Reached XP level 3. HP: 21/23 MP: 3/3
  2040 | D:2      | Reached skill level 4 in Axes
  2546 | D:3      | Found Doodghish's Antique Armour Shoppe.
  2645 | D:3      | Reached XP level 4. HP: 25/28 MP: 4/4
  2720 | D:4      | Identified the +0 scale mail of Patterns {rCorr Str+4 Dex+2
                  | Slay+2}
  3031 | D:3      | Identified a scroll of acquirement
  3031 | D:3      | Acquired the +0 pair of boots of Recklessness {Regen+ MP+9}
  3043 | D:3      | Reached skill level 5 in Axes
  3309 | D:3      | Reached XP level 5. HP: 32/32 MP: 5/5
  3375 | D:3      | Reached ** piety under Trog
  3432 | D:4      | Noticed an ogre
  3740 | D:5      | Entered Level 5 of the Dungeon
  3740 | D:5      | Noticed Blork the orc
  3805 | D:4      | Noticed Grinder
  3812 | D:4      | Killed Grinder
  3813 | D:4      | Reached skill level 6 in Axes
  3813 | D:4      | Reached XP level 6. HP: 37/37 MP: 6/6
  4066 | D:4      | Noticed a necrophage
  4087 | D:4      | Killed a necrophage
  4214 | D:4      | Reached skill level 7 in Axes
  4214 | D:4      | Reached XP level 7. HP: 41/41 MP: 7/7
  4839 | D:5      | Reached skill level 1 in Shields
  4900 | D:5      | Killed Blork the orc
  4901 | D:5      | Reached skill level 8 in Axes
  4969 | D:3      | Bought an embroidered cloak for 127 gold pieces
  5272 | D:5      | Noticed Sigmund
  5286 | D:5      | Reached XP level 8. HP: 46/46 MP: 8/8
  5291 | D:5      | Killed Sigmund
  5607 | D:5      | Identified the +1 robe of Indemnity {rN+ Dex+2}
  5657 | D:5      | Reached skill level 9 in Axes
  5929 | D:5      | Reached skill level 1 in Polearms
  6533 | D:6      | Reached XP level 9. HP: 51/51 MP: 9/9
  6536 | D:6      | Reached skill level 5 in Shields
  6597 | D:6      | Noticed a gargoyle
  6783 | D:7      | Reached *** piety under Trog
  6891 | D:6      | Reached skill level 5 in Polearms
  6980 | D:6      | Noticed a troll
  6986 | D:6      | Killed a gargoyle
  7001 | D:6      | Killed a troll
  7344 | D:6      | Found a staircase to the Ecumenical Temple.
  7351 | Temple   | Entered the Ecumenical Temple
  7771 | D:6      | Reached XP level 10. HP: 56/56 MP: 10/10
  7986 | D:8      | Noticed a two-headed ogre
  8346 | D:7      | Noticed a manticore
  8456 | D:7      | Killed a manticore
  9513 | D:8      | Killed a two-headed ogre
  9947 | D:8      | Identified the +1 robe of the Sun {Contam rElec Str+4}
 10282 | D:9      | Found a hazy altar of Hepliaklqana.
 10613 | D:9      | Reached XP level 11. HP: 60/60 MP: 11/11
 10639 | D:10     | Entered Level 10 of the Dungeon
 10814 | D:9      | Found Binuogekk's Antique Weapon Boutique.
 11105 | D:9      | Found a staircase to the Orcish Mines.
 11242 | D:10     | Reached skill level 10 in Polearms
 11631 | D:10     | Found Tifi's Distillery.
 11631 | D:10     | Found Sudghusoa's Distillery.
 11631 | D:10     | Found Souple Ruph's Jewellery Shop.
 11632 | D:10     | Found Oxiagude's Weapon Shop.
 11655 | D:10     | Bought a potion of might for 52 gold pieces
 11655 | D:10     | Bought a potion of curing for 39 gold pieces
 12069 | D:10     | Noticed Sonja
 12080 | D:10     | Killed Sonja
 12451 | D:11     | Noticed a two-headed ogre
 12609 | D:11     | Found a staircase to the Lair.
 12865 | D:11     | Noticed a four-headed hydra
 12878 | D:11     | Killed a four-headed hydra
 12879 | D:11     | Reached skill level 10 in Shields
 13284 | D:11     | Killed a two-headed ogre
 13440 | D:11     | Found a staircase to the Lair.
 13735 | Lair:1   | Entered Level 1 of the Lair of Beasts
 14505 | Lair:1   | Reached **** piety under Trog
 15107 | Lair:2   | Identified the +3 ring mail of Blue Skies {rElec rF+
                  | Stlth+}
 15289 | Lair:2   | Reached XP level 12. HP: 68/68 MP: 12/12
 15317 | Lair:2   | Reached skill level 5 in Fighting
 15399 | Lair:2   | Found a staircase to the Shoals.
 15658 | Lair:3   | Noticed a six-headed hydra
 15659 | Lair:3   | Noticed a five-headed hydra
 15705 | Lair:2   | Reached skill level 5 in Armour
 16070 | Lair:3   | Killed a six-headed hydra
 16109 | Lair:3   | Noticed a catoblepas
 16163 | Lair:2   | Killed a catoblepas
 16338 | Lair:3   | Killed a five-headed hydra
 16461 | Lair:3   | Found a runed translucent door.
 16463 | Lair:3   | Noticed Deineumn's ghost (journeyman TrMo)
 16645 | Lair:3   | Reached skill level 5 in Dodging
 16661 | Lair:3   | Reached ***** piety under Trog
 17130 | Lair:4   | Reached XP level 13. HP: 64/78 MP: 13/13
 17301 | Lair:4   | Found a one-way gate to the infinite horrors of the Abyss.
 17375 | Lair:4   | Found a corrupted altar of Lugonu.
 17506 | Lair:4   | Found a staircase to the Snake Pit.
 17554 | Lair:4   | You fall into a shaft and drop 1 floor!
 17606 | Lair:5   | Found a dark tunnel.
 17618 | Volcano  | Entered a volcano
 17832 | Volcano  | Found a radiant altar of Vehumet.
 17922 | Volcano  | Noticed a fire dragon
 17932 | Volcano  | Killed a fire dragon
 17964 | Volcano  | Identified the +0 hat of Orghaen {rPois rC+ Int+2 Stlth+}
 18425 | Lair:5   | You fall into a shaft and drop 1 floor!
 18425 | Lair:6   | Entered Level 6 of the Lair of Beasts
 19204 | Lair:4   | Found a transporter.
 19345 | Lair:4   | Found a transporter.
 19637 | Lair:4   | Upgraded the game from 0.27.1-15-g792fb953b9 to
                  | 0.27.1-16-g815e20cd7a
 19641 | Lair:4   | Upgraded the game from 0.27.1-16-g815e20cd7a to
                  | 0.27.1-33-g824d729ab1
 19945 | Lair:5   | Found a viscous altar of Jiyva.
 19945 | Lair:5   | Found a staircase to the Slime Pits.
 20145 | Lair:6   | Noticed a dire elephant
 20145 | Lair:6   | Noticed a dire elephant
 20178 | Lair:6   | Noticed a dire elephant
 20181 | Lair:6   | Noticed a dire elephant
 20309 | Lair:6   | Reached skill level 10 in Axes
 20397 | Lair:6   | Gained mutation: Your large and strong wings let you fly.
                  | [Gargoyle growth]
 20397 | Lair:6   | Reached XP level 14. HP: 87/87 MP: 14/14
 20619 | Lair:6   | Received a gift from Trog
 20630 | Lair:6   | Reached skill level 10 in Fighting
 21024 | D:12     | Found Fosob's Book Emporium.
 21397 | D:12     | Reached skill level 10 in Armour
 22349 | D:13     | Found a gate to the Vaults.
 22646 | D:13     | Reached skill level 11 in Axes
 23620 | D:14     | Found a gate leading to a gauntlet.
 23642 | Gauntlet | Entered a Gauntlet
 23642 | Gauntlet | Found a transporter.
 23642 | Gauntlet | Found a transporter.
 23643 | Gauntlet | Found a transporter.
 23646 | Gauntlet | Found a transporter.
 23656 | Gauntlet | Found a transporter.
 23660 | Gauntlet | Found a transporter.
 23676 | Gauntlet | Found a transporter.
 23762 | Gauntlet | Found a transporter.
 23764 | Gauntlet | Found a transporter.
 23776 | Gauntlet | Found a transporter.
 23777 | Gauntlet | Found a transporter.
 23786 | Gauntlet | Found a transporter.
 24058 | Gauntlet | Identified the amulet of Kyqironn {Spirit rPois rC++ Will-
                  | Int+4}
 24127 | Gauntlet | Identified the +1 helmet "Sizamom" {Contam rElec Will++}
 24311 | D:14     | Noticed Josephine
 24325 | D:14     | Killed Josephine
 24326 | D:14     | Reached XP level 15. HP: 94/94 MP: 15/15
 24328 | D:14     | You are sucked into a shaft and drop 1 floor!
 24328 | D:15     | Entered Level 15 of the Dungeon
 24328 | D:15     | Found a staircase to the Depths.
 24481 | D:14     | Found Mudgham's Antique Weapon Shop.
 24900 | D:15     | Reached skill level 12 in Axes
 25293 | D:15     | Received a gift from Trog
 25394 | D:15     | Identified Roxanne's Disquisition on Changing
 25394 | D:15     | Noticed Roxanne
 26227 | Snake:1  | Entered Level 1 of the Snake Pit
 26677 | Snake:1  | Found Toewusko's Antique Weapon Boutique.
 26957 | Snake:1  | Received a gift from Trog
 27110 | Shoals:1 | Entered Level 1 of the Shoals
 27113 | Shoals:1 | Noticed a kraken
 27538 | Depths:1 | Entered Level 1 of the Depths
 27769 | Orc:1    | Entered Level 1 of the Orcish Mines
 27817 | D:9      | Reached skill level 13 in Axes
 28469 | Orc:2    | Entered Level 2 of the Orcish Mines
 28561 | Orc:2    | Reached XP level 16. HP: 101/101 MP: 8/16
 28748 | Orc:2    | Reached skill level 15 in Shields
 29169 | Orc:2    | Received a gift from Trog
 29490 | Orc:2    | Found a staircase to the Elven Halls.
 29644 | Orc:2    | Found Dotytu's Antique Weapon Shoppe.
 29772 | Orc:2    | Found Japradul's Antique Weapon Shop.
 29776 | Orc:2    | Found Sepol's Antique Armour Boutique.
 29906 | Orc:2    | Found Yqekkyiv's Book Emporium.
 30701 | Snake:1  | Found a runed translucent gate.
 30701 | Snake:1  | Found a runed translucent gate.
 30701 | Snake:1  | Found a runed translucent gate.
 30878 | Lair:4   | HP: 3/103 [white very ugly thing (38)]
 31060 | Snake:1  | Noticed a nagaraja
 31125 | Snake:1  | Killed a nagaraja
 31540 | Snake:1  | Noticed mrw3rdna's ghost (journeyman HOFi)
 31795 | Snake:1  | Reached skill level 14 in Axes
 32106 | Snake:1  | Killed mrw3rdna's ghost
 32172 | Snake:1  | Reached XP level 17. HP: 108/108 MP: 17/17
 32603 | Snake:2  | Reached skill level 15 in Axes
 33056 | Snake:3  | Reached ****** piety under Trog
 33666 | Snake:3  | Reached XP level 18. HP: 114/115 MP: 18/18
 33704 | Snake:3  | Received a gift from Trog
 34333 | Snake:4  | Entered Level 4 of the Snake Pit
 34931 | Snake:4  | Reached skill level 16 in Axes
 35339 | Snake:4  | Received a gift from Trog
 35940 | Snake:4  | Got a serpentine rune of Zot
 35941 | Snake:4  | Quit the game

Illustrated notes

Levels and vault maps discovered:
D:1:      lightli_arrival_lavapool, layout_loops_cross, minmay_misc_feat_doors,
          serial_bayou_pond_a
D:2:      layout_loops_cross
D:3:      layout_basic, serial_shops, nicolae_shop_overgrown_old_shop
D:4:      layout_loops_corners, uniq_grinder
D:5:      layout_cave_pods, uniq_blork_the_orc, uniq_sigmund
D:6:      layout_cave_pools, minmay_temple_entry_tees, serial_park,
          serial_park_square2, serial_park_tiny_2, serial_park_square3
          [serial_park_minivault_5x5_1], serial_park_square3
          [serial_park_minivault_5x5_5], serial_park_tiny_2, serial_park_square3
          [serial_park_minivault_5x5_2], minmay_fire_ice_demons
D:7:      layout_loops_cross
D:8:      layout_gridville
D:9:      layout_basic, nicolae_hepliaklqana_monster_ancestors, erik_orc_2,
          serial_shops, shop, serial_bayou_pond_c,
          chequers_serial_rivers_micro_e, statue_in_the_mist_lemuel, hex_medium
D:10:     layout_stronghold, minmay_shop_grid_forest, minmay_gold_behind_fungi,
          uniq_sonja
D:11:     layout_loops_ring, lair_entry_dummy, grunt_decor_clamped
D:12:     layout_basic, serial_shops, nicolae_shop_stone, minmay_misc_feat_chi
D:13:     evilmike_library_of_no_secrets, layout_cave_pools,
          lightli_vaults_fourway_checkpoint
D:14:     layout_roguey, minmay_tree_intersection, serial_shops,
          nicolae_shop_overgrown_old_shop, gauntlet_entry_generic,
          uniq_josephine
D:15:     gammafunk_depths_entry_grave, layout_loops_ring,
          minmay_misc_feat_rugged, uniq_roxanne
Temple:   regret_index_temple_sigil_plot
Lair:1:   layout_concentric_octagons
Lair:2:   layout_hall_layers, elwin_shoals_entry_stream
Lair:3:   layout_gridlike, ebering_ghost_inner_flame, special_room
          [special_room_bee]
Lair:4:   gammafunk_cloud_chamber, layout_regular_city,
          minmay_snake_entry_guardpost_medium, chequers_serial_rivers_large_b,
          amcnicky_altar_lugonu_corruption
Lair:5:   layout_gridlike, dpeg_slime_entry_enclosed_altar,
          lightli_volcano_entry_magma_tube
Lair:6:   due_jungle_book, layout_cave_shapes
Shoals:1: layout_shoals, centaur_isle
Snake:1:  layout_cave_shapes, gammafunk_ghost_necromancy, serial_shops, shop,
          portal_ice_cave_entry_ugly_swarm, grunt_megastairs_5
Snake:2:  layout_misc_corridors, lemuel_fruit_tree, serial_bayou_shore_a
Snake:3:  onia_ninara_swampy_vault, layout_misc_corridors
Snake:4:  snake_pit_salamanders_mu, layout_basic
Orc:1:    layout_caves
Orc:2:    grunt_orc_community_town_hall, layout_diamond_mine,
          grunt_orc_community_big_house_2, grunt_orc_community_big_house_2,
          grunt_orc_community_house_1, grunt_orc_community_house_1,
          grunt_orc_community_house_2, grunt_orc_community_house_3
Depths:1: layout_gridlike, hell_entry, hangedman_ru_absence, onia_ninara_cookie,
          grunt_megastairs_3, minmay_shop_grove, firewood_loft, uniq_nikola,
          uniq_enchantress

Skill      XL: |  1  2  3  4  5  6  7  8  9 10 11 12 13 14 15 16 17 18 |
---------------+-------------------------------------------------------+-----
Axes           | 3 4 5 6 7 8 9 10 11 13 14 15 16 | 16.6
Shields        | 2 4 7 9 10 12 13 14 15 | 15.0
Polearms       | 3 6 9 10 | 10.7
Dodging        | 3 5 |  5.0
Armour         | 4 7 9 10 11 12 13 14 | 14.3
Fighting       | 4 7 9 11 12 13 14 | 14.5

Action                   |  1- 3 |  4- 6 |  7- 9 | 10-12 | 13-15 | 16-18 || total
-------------------------+-------+-------+-------+-------+-------+-------++-------
Melee: Hand axe          |   134 |    73 |    57 |       |       |       ||   264
       Battleaxe         |       |       |    41 |       |       |       ||    41
       Spear             |       |       |   194 |   900 |   372 |     8 ||  1474
       War axe           |       |       |       |       |  1038 |   314 ||  1352
       Broad axe         |       |       |       |       |       |   912 ||   912
Throw: Dart              |       |       |       |     9 |    10 |    50 ||    69
Invok: Berserk           |     1 |     3 |     6 |     8 |     9 |     1 ||    28
       Trog's Hand       |       |     1 |     1 |     1 |       |       ||     3
       Brothers in Arms  |       |       |       |       |     6 |     4 ||    10
Evoke: Wand              |       |       |     3 |     2 |     3 |    12 ||    20
  Use: Scroll            |     1 |     2 |    12 |     4 |    14 |     9 ||    42
       Potion            |       |       |       |       |     7 |     1 ||     8
 Stab: Petrified         |       |       |       |     4 |       |       ||     4
       Distracted        |       |       |       |       |     3 |     1 ||     4
       Invisible         |       |       |       |       |     1 |       ||     1
Armor: Ring mail         |    57 |     6 |       |       |       |       ||    63
       Scale mail        |       |    37 |   147 |   179 |   510 |   330 ||  1203
       Skin              |       |       |       |       |     2 |       ||     2
Dodge: Dodged            |    73 |    35 |    94 |   142 |   409 |   288 ||  1041
Block: Buckler           |       |     3 |     5 |       |       |       ||     8
       Kite shield       |       |       |    94 |   328 |   930 |   937 ||  2289
